 Dungeon Sprint DCSS version 0.16-a0-3781-g2316936 (console) character file.

15001 Monkaria the Brawler (level 11, -10/125 HPs)
             Began as a Troll Fighter on Jan 24, 2015.
             Was the Champion of Cheibriados.
             Killed from afar by a golden dragon (13 damage)
             ... with a bolt of cold
             ... in the Dungeon (Sprint I: "Red Sonja") on Jan 25, 2015.
             The game lasted 00:32:13 (3116 turns).

Monkaria the Brawler (Troll Fighter)                Turns: 3116, Time: 00:32:14

Health: -10/125    AC:  7    Str: 53      XL:     11   Next: 96%
Magic:  18/18      EV: 17    Int: 14 (17) God:    Cheibriados [******]
Gold:   376        SH: 16    Dex: 19 (22) Spells: 0 memorised, 10 levels left

rFire  + . .     SeeInvis .       - Unarmed
rCold  + . .     Clarity  +     j - +1 robe {rF+}
rNeg   + . .     SustAb   .     c - +1 shield
rPois  .         Gourm    +     (helmet restricted)
rElec  +         Spirit   .     (no cloak)
rCorr  .         Warding  .     (gloves unavailable)
rMut   .         NoTele   +     (boots unavailable)
MR     .....                    i - amulet "Fogo" {Clar rElec rPois- rN+ Str+4 Stlth+}
Stlth  +++.......               y - ring of poison resistance
                                f - ring of protection from cold

@: mighty, lethally poisoned, drained, very slow, not resistant to hostile
enchantments, fairly stealthy
A: unfitting armour, antennae 1, claws 3, rugged brown scales 1, berserk 1,
blurry vision 2, clumsy 1, deterioration 2, dopey 1, fast metabolism 3,
gourmand, low mp 2, regeneration 2, shaggy fur 1, tough skin 2, forlorn,
MP-powered wands 1
a: Bend Time, Temporal Distortion, Slouch, Step From Time, Renounce Religion


You were in the Dungeon.
You worshipped Cheibriados.
Cheibriados was exalted by your worship.
You were full.

You visited 1 branch You collected 3774 gold pieces.
You spent 3398 gold pieces at shops.

Inventory:

Hand weapons
 n - a +4 longbow
 w - a +3 blowgun
Missiles
 m - 9 arrows of dispersal
 o - 23 arrows
 A - 5 curare-tipped needles
Armour
 c - a +1 shield (worn)
 j - a +1 robe of fire resistance (worn)
Jewellery
 d - an uncursed amulet of guardian spirit
 f - a ring of protection from cold (left claw)
 i - the amulet "Fogo" (around neck) {Clar rElec rPois- rN+ Str+4 Stlth+}
   (You bought it in a shop in the Dungeon)

   [amulet of clarity]

   It provides mental clarity.
   It affects your strength (+4).
   It insulates you from electricity.
   It makes you vulnerable to poison.
   It protects you from negative energy.
   It makes you more stealthy.
 x - an uncursed ring of see invisible
 y - a ring of poison resistance (right claw)
 z - an uncursed amulet of clarity
Scrolls
 k - 3 scrolls of identify
 l - a scroll of fear
 B - a scroll of magic mapping
Potions
 e - a potion of might
 g - a potion of brilliance
 h - 2 potions of magic
 p - 2 potions of restore abilities
 t - a potion of cancellation
 u - a potion of flight
Comestibles
 a - 2 meat rations


   Skills:
 - Level 11.6(10.3) Fighting
 - Level 7.3(6.1) Armour
 + Level 10.4(9.2) Dodging
 - Level 9.5(8.3) Shields
 - Level 16.0(14.5) Unarmed Combat
 - Level 12.0(10.7) Invocations


You had 10 spell levels left.
You didn't know any spells.

Dungeon Overview and Level Annotations

Branches:
Dungeon (1/1)

Altars:
Cheibriados
Dithmenos
Elyvilon
Fedhas
Gozag
Kikubaaqudgha
Makhleb
Nemelex Xobeh
Okawaru
Qazlal
Ru
Sif Muna
Trog
Vehumet
Xom
Yredelemnul
Zin
The Shining One
Jiyva

Shops:
D !?(*%[!}=(?}:[[!==%[:

Annotations:
D exclusion: oklob plant, Norris


Innate Abilities, Weirdness & Mutations

You are too large for most types of armour.
You have claws for hands.
Your metabolism is lightning-fast.
You like to eat raw meat.
You heal very quickly.
You are covered in fur (AC +1).
You have very tough skin (AC +2).
You have a pair of small antennae on your head.
You are partially covered in rugged brown scales (AC +1, +3% HP).
You tend to lose your temper in combat.
Scrolls take you longer to read.
You are clumsy. (Dex -2)
Your body is deteriorating.
You are dopey. (Int -2)
Your magical capacity is very low (-20% MP).
You have difficulty communicating with the divine.
You expend magic power (3 MP) to slightly strengthen your wands.


Message History

You scratch the golden dragon.
The golden dragon is heavily wounded.
You feel sick. The golden dragon breathes fire at you.
The bolt of fire hits you! You resist.
* * * LOW HITPOINT WARNING * * *
Drink which item? (? for menu, Esc to quit)
You feel better.
The golden dragon breathes poison at you.
The blast of poison engulfs you!
You are poisoned.
* * * LOW HITPOINT WARNING * * *
Drink which item? (? for menu, Esc to quit)
You feel better.
You are engulfed in poison gas.
You are poisoned.
* * * LOW HITPOINT WARNING * * *
You feel sick. The golden dragon breathes cold at you.
The bolt of cold hits you! You resist.
You die...

.'..._#≈§≈.§#§§#....§+.....##.#A#
##_.#'##'#####§###.§§#^....#.§###
###'#.#.§..###.'.#§§^###++##.##..
###.####[###.###.#§^###..###.,*+#
.'...+.....'(∩##.#.^####..###,,,#
##.).###########.##'#..#).#.###,#
###.###...§§§§##§##.#§.§......#,#
#.#'#.#..§§§§§§§D####.........#,*
#.....#''.######@#)('......####+*
#.....#......§.#§#####...###,,,,*
#######......§#§§#,,,#####,,,****
##).(........≈####,,,,,,,,,***,,,
##..........≈≈#*,,,,,,,*****,,,,*
###.......≈≈≈##*,,,,,,**,,,,,,,,*
# ###..≈≈≈≈### *,,,,,**,,,,,,,,,*
####'######'###*,,,,,*,,,,,,,,,,*
##∩∩########∩∩#***********,,,,,,*


You could see a golden dragon (bleeding).

Vanquished Creatures
  A lorocyproca (D)
  A hydra (D)
  2 centaur warriors (D)
  A deep troll (D)
  2 unseen horrors (D)
  A lindwurm (D)
  An oklob plant (D)
  8 shining eyes (D)
  2 sirens (D)
  A gargoyle (D)
  2 kobold demonologists (D)
  4 demonic crawlers (D)
  3 hellwings (D)
  Sonja (D)
  A slime creature (D)
  4 trapdoor spiders (D)
  A yak (D)
  13 hogs (D)
  An ogre (D)
  A wasp (D)
  7 necrophages (D)
  Sigmund (D)
  8 jellies (D)
  Ijyb (D)
  2 mummies (D)
  7 giant eyeballs (D)
  2 ballistomycetes (D)
79 creatures vanquished.

Vanquished Creatures (others)
  A deep elf annihilator (D)
  A gargoyle (D)
  2 wasps (D)
  2 giant spores (D)
6 creatures vanquished.

Grand Total: 85 creatures vanquished

Notes
Turn   | Place    | Note
--------------------------------------------------------------
     0 | D        | Monkaria, the Troll Fighter, began the quest for the Orb.
     0 | D        | Reached XP level 1. HP: 22/22 MP: 1/1
     2 | D        | Noticed Ijyb
    17 | D        | Killed Ijyb
    17 | D        | Reached skill level 5 in Unarmed Combat
    17 | D        | Reached XP level 2. HP: 19/29 MP: 1/1
    39 | D        | Noticed an ogre
    48 | D        | Killed an ogre
    48 | D        | Reached skill level 9 in Unarmed Combat
    48 | D        | Reached XP level 3. HP: 29/36 MP: 2/2
    48 | D        | Reached XP level 4. HP: 35/44 MP: 2/2
    51 | D        | Noticed Sigmund
    62 | D        | Killed Sigmund
    62 | D        | Reached skill level 11 in Unarmed Combat
    62 | D        | Reached XP level 5. HP: 30/50 MP: 2/2
   121 | D        | Found a deep blue altar of Sif Muna.
   122 | D        | Noticed a jelly
   123 | D        | Found a radiant altar of Vehumet.
   124 | D        | Killed a jelly
   147 | D        | Found Tanotsyr's General Store.
   147 | D        | Found a white marble altar of Elyvilon.
   147 | D        | Found a stormy altar of Qazlal.
   147 | D        | Found a basalt altar of Yredelemnul.
   147 | D        | Found an iron altar of Okawaru.
   147 | D        | Found a sparkling altar of Nemelex Xobeh.
   147 | D        | Found a shimmering altar of Xom.
   147 | D        | Found an ancient bone altar of Kikubaaqudgha.
   147 | D        | Noticed a yak
   154 | D        | Killed a yak
   154 | D        | Reached XP level 6. HP: 42/71 MP: 3/3
   155 | D        | Found a burning altar of Makhleb.
   155 | D        | Found a sacrificial altar of Ru.
   155 | D        | Found a glowing golden altar of the Shining One.
   155 | D        | Found an opulent altar of Gozag.
   155 | D        | Found a glowing silver altar of Zin.
   203 | D        | Found a bloodstained altar of Trog.
   221 | D        | Noticed a centaur warrior
   226 | D        | Noticed a centaur warrior
   229 | D        | Killed a centaur warrior
   229 | D        | Reached XP level 7. HP: 88/88 MP: 3/3
   232 | D        | Killed a centaur warrior
   232 | D        | Reached XP level 8. HP: 97/97 MP: 3/3
   284 | D        | Noticed a wasp
   286 | D        | Killed a wasp
   298 | D        | Noticed an oklob plant
   304 | D        | Killed an oklob plant
   304 | D        | Reached XP level 9. HP: 81/105 MP: 4/4
   348 | D        | Noticed a deep troll
   352 | D        | Killed a deep troll
   368 | D        | Found Sasigito's Armour Emporium.
   391 | D        | Found a snail-covered altar of Cheibriados.
   391 | D        | Found a viscous altar of Jiyva.
   391 | D        | Found a shadowy altar of Dithmenos.
   391 | D        | Found a blossoming altar of Fedhas.
   391 | D        | Noticed a slime creature
   395 | D        | Killed a slime creature
   403 | D        | Became a worshipper of Cheibriados the Contemplative
   415 | D        | Noticed a kobold demonologist
   415 | D        | Paralysed by a giant eyeball for 3 turns
   416 | D        | Noticed a kobold demonologist
   424 | D        | Noticed a sun demon
   428 | D        | Killed a kobold demonologist
   430 | D        | Killed a kobold demonologist
   430 | D        | Reached skill level 12 in Unarmed Combat
   586 | D        | Bought a potion of restore abilities for 65 gold pieces
   586 | D        | Bought a scroll of identify for 26 gold pieces
   615 | D        | Noticed a trapdoor spider
   619 | D        | Killed a trapdoor spider
   643 | D        | Noticed a trapdoor spider
   649 | D        | Killed a trapdoor spider
   652 | D        | Noticed a trapdoor spider
   655 | D        | Killed a trapdoor spider
   655 | D        | Reached skill level 13 in Unarmed Combat
   656 | D        | Noticed a trapdoor spider
   663 | D        | Killed a trapdoor spider
   663 | D        | Acquired Cheibriados' first power
   663 | D        | Reached XP level 10. HP: 100/114 MP: 4/4
   678 | D        | Killed a gargoyle
   768 | D        | Killed an unseen horror
   768 | D        | Reached skill level 14 in Unarmed Combat
   869 | D        | Killed an unseen horror
   869 | D        | Acquired Cheibriados' second power
   869 | D        | Reached skill level 15 in Unarmed Combat
   964 | D        | Noticed a jelly
   964 | D        | Noticed a jelly
   964 | D        | Noticed a jelly
   964 | D        | Noticed a jelly
   964 | D        | Noticed a jelly
   964 | D        | Noticed a jelly
   964 | D        | Noticed a jelly
   966 | D        | Killed a jelly
   967 | D        | Killed a jelly
   968 | D        | Killed a jelly
   970 | D        | Killed a jelly
   970 | D        | Acquired Cheibriados' third power
   971 | D        | Killed a jelly
   974 | D        | Killed a jelly
   975 | D        | Noticed a necrophage
   979 | D        | Killed a jelly
   980 | D        | Killed a necrophage
  1006 | D        | Noticed a necrophage
  1006 | D        | Noticed a necrophage
  1006 | D        | Noticed a necrophage
  1007 | D        | Noticed a necrophage
  1007 | D        | Noticed a necrophage
  1017 | D        | Killed a necrophage
  1020 | D        | Killed a necrophage
  1026 | D        | Killed a necrophage
  1029 | D        | Killed a necrophage
  1035 | D        | Noticed a necrophage
  1041 | D        | Killed a necrophage
  1042 | D        | Killed a necrophage
  1042 | D        | Reached skill level 16 in Unarmed Combat
  1064 | D        | Found Yrrudud's Gadget Shoppe.
  1064 | D        | Found Qauzeh's Distillery.
  1064 | D        | Found Naaliomiy's Jewellery Boutique.
  1066 | D        | Found Samneev's Antique Weapon Emporium.
  1066 | D        | Found Ahaqab's Magic Scroll Shop.
  1066 | D        | Found Cinus' Gadget Shoppe.
  1066 | D        | Found Gazeafydgh's Book Boutique.
  1066 | D        | Found Beutsala's Antique Armour Emporium.
  1066 | D        | Found Pnuunuc's Armour Shop.
  1066 | D        | Found Khoim's Distillery.
  1066 | D        | Found Nagumak's Jewellery Boutique.
  1068 | D        | Bought a potion of mutation for 35 gold pieces
  1068 | D        | Bought a potion of heal wounds for 70 gold pieces
  1068 | D        | Bought a potion of curing for 42 gold pieces
  1071 | D        | Found Itunu's Food Emporium.
  1071 | D        | Found Soun Rek's Jewellery Boutique.
  1072 | D        | Found Facsiog's Book Emporium.
  1078 | D        | Bought a potion of lignification for 39 gold pieces
  1078 | D        | Bought a potion of heal wounds for 65 gold pieces
  1078 | D        | Bought a potion of cancellation for 104 gold pieces
  1078 | D        | Bought a potion of flight for 39 gold pieces
  1078 | D        | Bought a potion of agility for 52 gold pieces
  1078 | D        | Bought a potion of curing for 39 gold pieces
  1078 | D        | Bought a potion of invisibility for 104 gold pieces
  1087 | D        | Bought an uncursed ring of see invisible for 195 gold pieces
  1087 | D        | Bought an uncursed ring of poison resistance for 260 gold pieces
  1087 | D        | Bought an uncursed amulet of clarity for 260 gold pieces
  1094 | D        | Bought a potion of heal wounds for 65 gold pieces
  1106 | D        | Bought a scroll of magic mapping for 49 gold pieces
  1147 | D        | Noticed Sonja
  1151 | D        | Killed Sonja
  1169 | D        | Found Vagavab's Distillery.
  1178 | D        | Bought 2 potions of lignification for 72 gold pieces
  1178 | D        | Bought a potion of might for 48 gold pieces
  1178 | D        | Bought a potion of curing for 36 gold pieces
  1237 | D        | Noticed a shining eye
  1237 | D        | Noticed a shining eye
  1245 | D        | Paralysed by a giant eyeball for 4 turns
  1251 | D        | Paralysed by a giant eyeball for 4 turns
  1255 | D        | Gained mutation: Your magical capacity is low (-10% MP). [a shining eye]
  1259 | D        | Killed a shining eye
  1260 | D        | Gained mutation: Armour fits poorly on your strangely shaped body. [a shining eye]
  1261 | D        | Paralysed by a giant eyeball for 2 turns
  1262 | D        | Noticed a shining eye
  1264 | D        | Noticed a shining eye
  1265 | D        | Killed a shining eye
  1265 | D        | Reached skill level 5 in Invocations
  1270 | D        | Killed a shining eye
  1273 | D        | Noticed a shining eye
  1273 | D        | Noticed a shining eye
  1273 | D        | Gained mutation: Your body is slowly deteriorating. [a shining eye]
  1275 | D        | Gained mutation: Scrolls take you a little longer to read. [a shining eye]
  1276 | D        | Killed a shining eye
  1277 | D        | Noticed a shining eye
  1283 | D        | Killed a shining eye
  1283 | D        | Reached XP level 11. HP: 122/122 MP: 8/17
  1283 | D        | Gained mutation: You tend to lose your temper in combat. [a shining eye]
  1283 | D        | Paralysed by a giant eyeball for 2 turns
  1284 | D        | Gained mutation: Scrolls take you longer to read. [a shining eye]
  1284 | D        | Gained mutation: You expend magic power (3 MP) to slightly strengthen your wands. [a shining eye]
  1286 | D        | Gained mutation: You often lose your temper in combat. [a shining eye]
  1286 | D        | Gained mutation: You are weak. (Str -2) [a shining eye]
  1286 | D        | Gained mutation: You are clumsy. (Dex -2) [a shining eye]
  1289 | D        | Killed a shining eye
  1290 | D        | Noticed a shining eye
  1290 | D        | Gained mutation: You are dopey. (Int -2) [a shining eye]
  1290 | D        | Gained mutation: You have difficulty communicating with the divine. [a shining eye]
  1294 | D        | Gained mutation: Your body is deteriorating. [a shining eye]
  1297 | D        | Killed a shining eye
  1297 | D        | Reached skill level 10 in Invocations
  1298 | D        | Gained mutation: Your magical capacity is very low (-20% MP). [a shining eye]
  1299 | D        | Gained mutation: You are frail (-10% HP). [a shining eye]
  1303 | D        | Gained mutation: You are very dopey. (Int -4) [a shining eye]
  1305 | D        | Killed a shining eye
  1309 | D        | Found Ohuipp's Food Shop.
  1309 | D        | Found Klocoseu's Armour Boutique.
  1310 | D        | Found Enischyty's Magic Scroll Shoppe.
  1310 | D        | Found Vaweit's Weapon Emporium.
  1358 | D        | Noticed a demonic crawler
  1358 | D        | Noticed a demonic crawler
  1358 | D        | Noticed a demonic crawler
  1358 | D        | Noticed a demonic crawler
  1365 | D        | Killed a demonic crawler
  1371 | D        | Killed a demonic crawler
  1375 | D        | Killed a demonic crawler
  1377 | D        | Killed a demonic crawler
  1408 | D        | Noticed a gargoyle
  1415 | D        | Killed a gargoyle
  1436 | D        | Noticed a lorocyproca
  1450 | D        | Killed a lorocyproca
  1454 | D        | Noticed Norris
  1773 | D        | HP: 5/109 [something (16)]
  1997 | D        | Bought a potion of cure mutation for 490 gold pieces
  1997 | D        | Lost mutation: You are very dopey. (Int -4) [potion of cure mutation]
  1997 | D        | Lost mutation: You are weak. (Str -2) [potion of cure mutation]
  1997 | D        | Lost mutation: You often lose your temper in combat. [potion of cure mutation]
  1997 | D        | Lost mutation: Armour fits poorly on your strangely shaped body. [potion of cure mutation]
  1997 | D        | Lost mutation: You are frail (-10% HP). [potion of cure mutation]
  1998 | D        | Gained mutation: You have a pair of small antennae on your head. [potion of mutation]
  1999 | D        | Gained mutation: You are partially covered in rugged brown scales (AC +1, +3% HP). [potion of mutation]
  2004 | D        | Bought a potion of restore abilities for 70 gold pieces
  2054 | D        | Noticed a lindwurm
  2059 | D        | Killed a lindwurm
  2059 | D        | Reached skill level 5 in Dodging
  2134 | D        | Noticed a hog
  2134 | D        | Noticed a hog
  2134 | D        | Noticed a hog
  2134 | D        | Noticed a hog
  2134 | D        | Noticed a hog
  2134 | D        | Noticed a hog
  2134 | D        | Noticed a hog
  2134 | D        | Noticed a hog
  2136 | D        | Killed a hog
  2137 | D        | Noticed a hog
  2142 | D        | Killed a hog
  2146 | D        | Killed a hog
  2149 | D        | Noticed a hog
  2150 | D        | Noticed a hog
  2150 | D        | Noticed a hog
  2150 | D        | Noticed a hog
  2151 | D        | Killed a hog
  2156 | D        | Killed a hog
  2158 | D        | Killed a hog
  2161 | D        | Killed a hog
  2165 | D        | Killed a hog
  2172 | D        | Killed a hog
  2174 | D        | Killed a hog
  2176 | D        | Killed a hog
  2177 | D        | Killed a hog
  2179 | D        | Killed a hog
  2336 | D        | Noticed a daeva
  2379 | D        | Noticed a 12-headed hydra
  2385 | D        | Paralysed by a giant eyeball for 3 turns
  2390 | D        | Killed a 12-headed hydra
  2465 | D        | Noticed a hellwing
  2465 | D        | Noticed a siren
  2467 | D        | Noticed a wasp
  2469 | D        | Noticed a siren
  2470 | D        | Noticed a wasp
  2471 | D        | Noticed a wasp
  2474 | D        | Noticed a wasp
  2519 | D        | Killed a wasp
  2529 | D        | Killed a siren
  2537 | D        | Killed a hellwing
  2540 | D        | Noticed a deep elf annihilator
  2571 | D        | Killed a siren
  2571 | D        | Reached skill level 10 in Dodging
  2627 | D        | Noticed a mummy priest
  2627 | D        | Killed a deep elf annihilator
  2628 | D        | Noticed a soul eater
  2635 | D        | Upgraded the game from 0.16-a0-3761-g2321f2b to 0.16-a0-3781-g2316936
  2636 | D        | Killed a wasp
  2918 | D        | Noticed an oklob plant
  2954 | D        | Noticed a shadow dragon
  2954 | D        | Noticed a golden dragon
  3063 | D        | Bought an uncursed ring of protection from cold for 325 gold pieces
  3063 | D        | Bought the amulet "Fogo" {Clar rElec rPois- rN+ Str+4 Stlth+} for 696 gold pieces
  3077 | D        | Bought a +1 robe of fire resistance for 152 gold pieces
  3114 | D        | HP: 2/125 [golden dragon/bolt of fire (28)]
  3116 | D        | Killed from afar by a golden dragon

Action                   |  1- 3 |  4- 6 |  7- 9 | 10-12 || total
-------------------------+-------+-------+-------+-------++-------
Melee: Unarmed           |    23 |    20 |    51 |   196 ||   290
 Fire: Longbow           |       |       |       |     1 ||     1
Invok: Slouch            |       |       |       |     2 ||     2
  Use: Potion            |       |     1 |     1 |    19 ||    21
       Scroll            |       |       |     3 |     5 ||     8
 Stab: Sleeping          |       |       |       |     2 ||     2
  Eat: Chunk             |       |     6 |     6 |    13 ||    25
